AoeStats
← BottleDry

MegaRandom

507806679Analyzed
4v4 RM · 12d ago on Sep 19, 2026· 51m 2s· 8 players
Game mode
Random Map
Map size
Large (8 player)
Population
200
Speed
Normal
Resources
Standard
Victory
Conquest
Starting age
Dark Age
Ending age
Imperial Age
RankedLock teamsTeams togetherTeam positionsShared explorationLock speedFull tech treeHidden civsTurbo modeCheats
Victory
Defeat
🇺🇸 Cumans · United States
965
+15
🇵🇱 Spanish · Poland
959
+16
🇺🇸 Magyars · United States
947
+16
🇨🇦 Georgians · Canada
921
+17
🇮🇳 Hindustanis · India
979
-17
🇬🇷 Slavs · Greece
961
-16
🇬🇷 Bulgarians · Greece
948
-16
🇳🇱 Georgians · Netherlands
918
-15
Player
12:01 Feudal Age
16:12 Castle Age
14:02 Double-Bit Axe
14:40 Horse Collar
18:02 Bow Saw
17:55 Heavy Plow
18:36 Wheelbarrow
17:47 Loom
23:30 Stone Mining
25:39 Hand Cart
27:01 Stone Shaft Mining
26:19 Gold Mining
26:17 Town Watch
29:44 Imperial Age
28:15 Forging
28:11 Scale Barding Armor
28:49 Bloodlines
28:40 Husbandry
30:31 Caravan
31:47 Chemistry
31:14 Conscription
32:30 Iron Casting
32:21 Chain Barding Armor
32:03 Cavalier
34:36 Blast Furnace
35:08 Two-Man Saw
34:29 Elite Conquistador
37:31 Plate Barding Armor
37:25 Town Patrol
38:24 Paladin
BottleDry
7:24 Loom
10:46 Feudal Age
11:26 Double-Bit Axe
11:25 Horse Collar
17:12 Scale Barding Armor
17:04 Gold Mining
21:47 Castle Age
19:56 Stone Mining
22:42 Bow Saw
22:36 Heavy Plow
23:15 Wheelbarrow
25:16 Chain Barding Armor
28:36 Hand Cart
33:13 Imperial Age
32:04 Ballistics
32:49 Corvinian Army
32:42 Fletching
32:50 Murder Holes
33:12 Masonry
32:42 Treadmill Crane
33:50 Bodkin Arrow
34:42 Plate Barding Armor
34:22 Bloodlines
34:12 Husbandry
33:34 Cavalier
34:51 Conscription
34:23 Elite Magyar Huszar
35:36 Town Watch
36:30 Crop Rotation
37:24 Town Patrol
37:42 Bracer
42:47 Capped Ram
49:48 Chemistry
48:54 Siege Engineers
48:45 Murder Holes
King Conqueror
1:00 Loom
14:01 Feudal Age
15:20 Wheelbarrow
14:33 Double-Bit Axe
20:50 Castle Age
20:48 Stone Mining
22:41 Fletching
24:52 Fervor
24:54 Gold Mining
28:15 Bodkin Arrow
31:25 Imperial Age
29:11 Hand Cart
28:42 Town Watch
29:30 Bloodlines
29:49 Forging
29:35 Horse Collar
30:54 Bow Saw
31:03 Husbandry
32:50 Svan Towers
32:40 Guard Tower
32:57 Scale Barding Armor
34:02 Heavy Plow
35:03 Bracer
37:23 Keep
37:26 Iron Casting
38:17 Ballistics
37:43 Arrowslits
39:21 Blast Furnace
40:58 Elite Monaspa
42:44 Murder Holes
43:12 Chain Barding Armor
45:44 Plate Barding Armor
44:52 Treadmill Crane
45:18 Siege Engineers
45:23 Masonry
46:14 Chemistry
46:32 Stone Shaft Mining
47:16 Conscription
49:17 Architecture
50:57 Aznauri Cavalry
CanineSteak5198
0:32 Loom
14:06 Feudal Age
15:29 Town Watch
16:41 Horse Collar
16:49 Fishing Lines
21:03 Stone Mining
23:49 Castle Age
22:37 Wheelbarrow
22:15 Double-Bit Axe
23:26 Gold Mining
24:59 Fletching
26:27 Hand Cart
26:45 Padded Archer Armor
27:40 Steppe Husbandry
28:33 Heavy Plow
31:15 Gold Shaft Mining
31:16 Bodkin Arrow
32:42 Bow Saw
33:08 Bloodlines
36:09 Imperial Age
34:36 Forging
34:32 Scale Barding Armor
34:54 Town Patrol
34:26 Light Cavalry
37:21 Iron Casting
37:07 Chain Barding Armor
37:03 Leather Archer Armor
36:25 Hussar
37:31 Conscription
37:56 Hoardings
38:10 Thumb Ring
38:36 Parthian Tactics
39:19 Chemistry
38:30 Masonry
38:16 Murder Holes
38:15 Pikeman
38:56 Squires
38:55 Halberdier
40:57 Two-Man Saw
41:01 Plate Barding Armor
41:27 Blast Furnace
40:29 Scale Mail Armor
43:31 Ring Archer Armor
43:57 Ballistics
46:04 Cavalier
46:13 Elite Steppe Lancer
48:03 Chain Mail Armor
48:30 Crop Rotation
47:54 Elite Kipchak
49:54 Paladin
prsdntsdghtr
0:26 Loom
13:21 Feudal Age
15:01 Double-Bit Axe
15:03 Fishing Lines
18:16 Castle Age
16:02 Horse Collar
17:38 Wheelbarrow
18:43 Horse Collar
19:43 Bow Saw
24:08 Gillnets
25:25 Horse Collar
25:57 Gold Mining
30:21 Hand Cart
33:53 Imperial Age
33:34 Heavy Plow
33:26 Stone Mining
34:20 Forging
34:16 Man-at-Arms
34:42 Gambesons
35:53 Long Swordsman
37:49 Stone Shaft Mining
37:05 Town Watch
36:55 Capped Ram
39:25 Conscription
39:24 Bloodlines
39:14 Husbandry
38:46 Two-Handed Swordsman
39:56 Scale Barding Armor
39:59 Champion
41:24 Iron Casting
40:49 Scale Mail Armor
41:10 Chain Barding Armor
43:38 Blast Furnace
42:54 Chain Mail Armor
gtzilas
4:45 Loom
11:37 Feudal Age
13:38 Double-Bit Axe
22:39 Castle Age
20:44 Scale Mail Armor
20:59 Forging
20:49 Stone Mining
20:44 Horse Collar
22:11 Gold Mining
23:11 Wheelbarrow
26:08 Hand Cart
27:23 Gold Shaft Mining
27:32 Pikeman
31:40 Padded Archer Armor
31:31 Fletching
31:38 Elite Skirmisher
33:11 Leather Archer Armor
32:51 Bodkin Arrow
38:42 Imperial Age
36:48 Ballistics
37:48 Chain Mail Armor
40:06 Halberdier
41:37 Bow Saw
42:24 Hoardings
42:47 Detinets
43:21 Plate Mail Armor
43:26 Iron Casting
44:05 Onager
44:17 Elite Boyar
45:07 Heavy Plow
47:09 Scale Barding Armor
48:04 Blast Furnace
47:16 Bloodlines
47:06 Husbandry
Gladiator
1:34 Loom
13:21 Feudal Age
19:02 Castle Age
17:52 Double-Bit Axe
22:21 Wheelbarrow
23:13 Horse Collar
26:35 Bow Saw
30:04 Gold Mining
30:16 Heavy Plow
30:19 Stone Mining
33:58 Stone Shaft Mining
34:05 Gold Shaft Mining
36:43 Imperial Age
35:22 Stirrups
35:40 Scale Barding Armor
35:47 Forging
35:38 Scale Mail Armor
36:20 Hand Cart
37:04 Chain Barding Armor
38:06 Plate Barding Armor
37:46 Chain Mail Armor
38:07 Iron Casting
37:48 Bloodlines
37:39 Husbandry
39:31 Elite Konnik
41:26 Blast Furnace
46:37 Crop Rotation
48:01 Siege Engineers
48:19 Ballistics
48:01 Murder Holes
49:15 Chemistry
48:28 Masonry
Boxster553
2:23 Loom
12:36 Feudal Age
17:17 Castle Age
15:24 Horse Collar
19:48 Wheelbarrow
18:58 Town Watch
19:57 Double-Bit Axe
21:50 Hand Cart
22:02 Bow Saw
21:57 Heavy Plow
21:53 Stone Mining
23:45 Gold Mining
27:29 Gold Shaft Mining
28:12 Hand Cart
27:58 Town Patrol
31:22 Stone Shaft Mining
33:25 Imperial Age
31:44 Stone Shaft Mining
33:15 Forging
33:06 Scale Mail Armor
33:08 Squires
32:53 Arson
33:23 Bloodlines
33:13 Husbandry
34:46 Iron Casting
34:26 Chain Mail Armor
34:02 Fletching
34:19 Scale Barding Armor
33:39 Heavy Camel Rider
34:45 Conscription
34:54 Elite Ghulam
37:09 Blast Furnace
36:39 Imperial Camel Rider
39:27 Chain Barding Armor
Connection lost

Rejoining the realm…

Still unreachable

The connection could not be restored.

Session expired

The server has moved on; the page needs a fresh start.